 Dungeon Crawl Stone Soup version 0.28-a0-556-gab23d0e057 (webtiles) character file.

Game seed: 3549787051357245276

8610 jasper the Destroyer (level 10, -4/69 HPs)
             Began as a Demigod Conjurer on Sept 28, 2021.
             Slain by a skeletal warrior (22 damage)
             ... led by a death knight
             ... on level 11 of the Dungeon.
             The game lasted 00:25:42 (14942 turns).

jasper the Destroyer (Demigod Conjurer)            Turns: 14942, Time: 00:25:42

Health: -4/69      AC: 12    Str:  8    XL:     10   Next: 88%
Magic:  4/31       EV: 12    Int: 32    God:
Gold:   855        SH:  6    Dex: 12    Spells: 2/20 levels left

rFire   . . .      SeeInvis .   o - staff of air
rCold   . . .      Faith    .   x - +1 buckler {AC+3}
rNeg    . . .      Spirit   .   D - +0 steam dragon scales
rPois   .          Reflect  .   j - +2 helmet
rElec   +          Harm     .   (no cloak)
rCorr   .          Rampage  .   h - +0 pair of gloves
Will    +....                   (no boots)
Stlth   ++........              (no amulet)
HPRegen 0.21/turn               i - ring of magical power
MPRegen 0.22/turn               s - ring of wizardry

@: studying Shields
A: high mp 1, forlorn
a: no special abilities


You were on level 11 of the Dungeon.
You visited 1 branch of the dungeon, and saw 11 of its levels.

You collected 1042 gold pieces.
You spent 187 gold pieces at shops.

Inventory:

Hand Weapons
 b - a +1 short sword
 p - a +2 whip of flaming
Missiles
 d - 253 stones
 m - 2 throwing nets
Armour
 a - a +0 robe
 g - a +1 helmet
 h - a +0 pair of gloves (worn)
 j - a +2 helmet (worn)
 q - a +1 robe of willpower
 x - a +1 buckler of protection (worn)
 D - +0 steam dragon scales (worn)
Magical Staves
 o - a staff of air (weapon)
Jewellery
 c - a +4 ring of evasion
 i - a ring of magical power (left hand)
 s - a ring of wizardry (right hand)
 v - a ring of fire
Wands
 l - a wand of polymorph (18)
 C - a wand of iceblast (8)
Scrolls
 f - 2 scrolls of magic mapping
 k - 3 scrolls of amnesia
 n - 2 scrolls of enchant weapon
 G - a scroll of teleportation
 H - 2 scrolls of blinking
Potions
 e - 2 potions of cancellation
 r - a potion of might
 t - a potion of mutation
 u - 2 potions of berserk rage
 w - a potion of resistance {unknown}
 z - a potion of lignification {unknown}
 A - 2 potions of heal wounds
 E - a potion of brilliance {unknown}
Miscellaneous
 F - a tin of tremorstones (2/2)


   Skills:
 - Level 1.7 Dodging
 - Level 1.7 Stealth
 - Level 4.0 Shields
 + Level 5.7 Spellcasting
 * Level 12.2 Conjurations
 - Level 4.0 Hexes
 - Level 5.0 Necromancy
 - Level 5.0 Air Magic


You had 2 spell levels left.
You knew the following spells:

 Your Spells              Type           Power      Damage    Failure   Level
a - Magic Dart            Conj           100%       1d8       1%          1
b - Searing Ray           Conj           100%       2d8       1%          2
c - Sublimation of Blood  Necr           20%        N/A       1%          2
d - Fulminant Prism       Conj/Hex       28%        3d14      1%          4
e - Lightning Bolt        Conj/Air       38%        1d57      1%          5
f - Iskenderun's Mystic   Conj/Tloc      48%        2d11      1%          4

Your spell library contained the following spells:

 Spells                   Type           Power      Damage    Failure   Level
 Shock                    Conj/Air       100%       1d9       1%          1
 Corpse Rot               Necr/Air       N/A        N/A       1%          2
 Poisonous Vapours        Pois/Air       76%        N/A       1%          2
 Static Discharge         Conj/Air       77%        N/A       1%          2
 Wereblood                Tmut           9%         N/A       2%          2
 Conjure Flame            Conj/Fire      48%        6-21      1%          3
 Dazzling Flash           Conj/Hex       100%       N/A       1%          3
 Sticky Flame             Conj/Fire      48%        2d7       1%          4
 Inner Flame              Hex/Fire       22%        N/A       2%          3
 Portal Projectile        Hex/Tloc       44%        N/A       2%          3
 Airstrike                Air            29%        N/A       2%          4
 Cause Fear               Hex            17%        N/A       3%          4
 Call Canine Familiar     Summ           9%         N/A       6%          3
 Ignite Poison            Fire/Tmut/Pois 9%         N/A       6%          3
 Spider Form              Tmut/Pois      4%         N/A       6%          3
 Summon Lightning Spire   Summ/Air       38%        N/A       7%          4
 Leda's Liquefaction      Hex/Erth       11%        N/A       9%          4
 Summon Forest            Summ/Tloc      4%         N/A       45%         5
 Eringya's Noxious Bog    Tmut/Pois      4%         N/A       94%         6
 Storm Form               Tmut/Air       19%        N/A       99%         7
 Dragon Form              Tmut           4%         N/A       100%        7
 Summon Hydra             Summ           4%         N/A       100%        7
 Discord                  Hex            17%        N/A       100%        8
 Maxwell's Capacitive Co  Air            29%        ∞         100%        8


Dungeon Overview and Level Annotations

Branches:
Dungeon (11/15)            Temple (0/1) D:6             Orc (0/2) D:9
   Lair: D:8-11

Shops:
D:4 *:[

Annotations:
D:4 1 runed translucent door, DJNightmares's ghost, amateur DEFE


Innate Abilities, Weirdness & Mutations

Your attributes grow dramatically as you level up.
You have an increased reservoir of magic. (+10% MP)
You shall have no god before yourself.


Message History

Press: ? - help, Shift-Dir - straight line, f - wraith
Aim: a wraith (wandering, hasn't noticed you, 64% to hit)
You feel a surge of power!
You hear a mighty clap of thunder!
The bolt of lightning hits the skeletal warrior!!!
The skeletal warrior is almost destroyed.
The bolt of lightning hits the wraith!!!
You destroy the wraith!
You now have 9/31 mp.
Casting: Lightning Bolt (dangerous; 1% risk of failure)
Confirm with . or Enter, or press ? or * to list all spells.
Aiming: Fulminant Prism (dangerous; 1% risk of failure)
Press: ? - help, Dir - move target You conjure a prism of explosive energy!
A fulminant prism comes into view.
The skeletal warrior hits you with a +0 long sword!
You take 13 damage, and have 56/69 hp.
You now have 5/31 mp.
You closely miss the skeletal warrior.
The skeletal warrior is almost destroyed.
The skeletal warrior hits you with a +0 long sword!
Your fulminant prism crackles loudly.
You take 13 damage, and have 43/69 hp.
You hit the skeletal warrior but do no damage.
The skeletal warrior is almost destroyed.
The skeletal warrior hits you with a +0 long sword.
Your fulminant prism explodes!
The blast of energy engulfs the skeletal warrior.
The skeletal warrior is almost destroyed.
The skeletal warrior hits you with a +0 long sword!!
* * * LOW HITPOINT WARNING * * *
You take 25 damage, and have 18/69 hp.
MASSIVE DAMAGE!!
Casting: Fulminant Prism (dangerous; 1% risk of failure)
Confirm with . or Enter, or press ? or * to list all spells.
Aiming: Searing Ray (safe; 1% risk of failure)
Press: ? - help, Shift-Dir - straight line The searing ray hits the skeletal warrior but does no damage.
The skeletal warrior is almost destroyed. (Press . to maintain the ray.)
The skeletal warrior hits you with a +0 long sword!!
You die...

############
#..........# ####
#..........# #...
#..........##..#
#..........#..#####
######.###.........
#. ##@.#####. #.
#.z.# ## #...###
#.....# #####.#
#)### #)..# ###.$Z#
###)#


You could see a skeletal warrior.

Vanquished Creatures
  Harold (D:8)
  A two-headed ogre (D:6)
  Pikel (D:5)
  Prince Ribbit (D:7)
  4 shadows
  A wraith (D:11)
  Grum (D:9)
  4 yaks (D:9)
  4 steam dragons
  A warg (D:8)
  An acid dragon (D:10)
  4 sky beasts
  3 orc warriors
  2 necrophages
  An ice beast (D:5)
  An ogre (D:6)
  2 wolves (D:9)
  3 centaurs
  4 phantoms
  3 lemures (D:5)
  7 kobold brigands
  3 scorpions
  A bullfrog (D:8)
  A water moccasin skeleton (D:5)
  2 troll zombies (D:9)
  3 killer bees (D:7)
  8 wights
  2 howler monkeys
  A bullfrog zombie (D:5)
  3 hounds
  2 centaur zombies
  A centaur skeleton (D:7)
  5 orc priests
  3 jellies
  A bullfrog skeleton (D:7)
  3 iguanas
  10 orc wizards
  A killer bee zombie (D:5)
  4 ogre zombies (D:9)
  A hound zombie (D:5)
  A hound skeleton (D:4)
  Robin (D:3)
  A howler monkey zombie (D:11)
  2 adders
  4 gnolls (D:8)
  3 howler monkey skeletons
  2 ufetubi
  2 worms (D:2)
  4 dart slugs
  27 orcs
  7 ball pythons
  5 bats
  6 endoplasms
  4 giant cockroaches
  20 goblins
  8 hobgoblins
  2 jackals (D:1)
  41 kobolds
  6 quokkas
  2 frilled lizards
  A goblin skeleton (D:9)
  3 goblin zombies (D:9)
  A hobgoblin skeleton (D:9)
  3 hobgoblin zombies (D:9)
  10 orc zombies (D:9)
  4 rats
275 creatures vanquished.

Vanquished Creatures (others)
  10 fulminant prisms
  2 withered plants (D:4)
12 creatures vanquished.

Grand Total: 287 creatures vanquished

Notes
Turn   | Place    | Note
-------+----------+-------------------------------------------
     0 | D:1      | jasper the Demigod Conjurer began the quest for the Orb.
     0 | D:1      | Reached XP level 1. HP: 14/14 MP: 5/5
     1 | D:1      | Noticed an electric eel
   116 | D:1      | Reached skill level 4 in Conjurations
   201 | D:1      | Reached XP level 2. HP: 18/20 MP: 1/7
   330 | D:1      | Learned a level 2 spell: Searing Ray
   896 | D:1      | Reached XP level 3. HP: 22/26 MP: 4/8
   963 | D:1      | Learned a level 2 spell: Sublimation of Blood
  1522 | D:2      | Got Plato's Tome of Air
  1727 | D:2      | Reached skill level 5 in Conjurations
  2169 | D:3      | Noticed Robin
  2184 | D:3      | Killed Robin
  2204 | D:3      | Noticed a scorpion
  2468 | D:3      | Reached XP level 4. HP: 33/33 MP: 5/9
  2778 | D:3      | Reached skill level 6 in Conjurations
  2778 | D:3      | Reached XP level 5. HP: 38/38 MP: 6/10
  3753 | D:4      | Found Jussog's Antique Armour Shoppe.
  3768 | D:4      | Bought a pair of gloves for 90 gold pieces
  3784 | D:4      | Found Avauck's Book Emporium.
  3795 | D:4      | Reached XP level 6. HP: 27/45 MP: 1/11
  4032 | D:4      | Reached skill level 7 in Conjurations
  4129 | D:4      | Found Byovires's Assorted Antiques.
  4141 | D:4      | Bought a potion of curing for 75 gold pieces
  4141 | D:4      | Bought a bubbling pink potion for 22 gold pieces
  4258 | D:4      | Found a runed translucent door.
  4258 | D:4      | Noticed DJNightmares's ghost (amateur DEFE)
  5495 | D:5      | Entered Level 5 of the Dungeon
  5499 | D:5      | Reached skill level 8 in Conjurations
  5532 | D:5      | Noticed Pikel
  5660 | D:5      | Killed Pikel
  5661 | D:5      | Reached XP level 7. HP: 39/50 MP: 3/12
  5815 | D:5      | Noticed a shadow
  5821 | D:5      | Killed a shadow
  5822 | D:5      | Reached skill level 5 in Necromancy
  5822 | D:5      | Reached XP level 8. HP: 43/57 MP: 5/13
  6132 | D:5      | Reached skill level 9 in Conjurations
  6137 | D:5      | Learned a level 4 spell: Fulminant Prism
  6296 | D:5      | Reached skill level 1 in Hexes
  7185 | D:6      | Found a staircase to the Ecumenical Temple.
  7616 | D:6      | Reached XP level 9. HP: 5/62 MP: 0/17
  7622 | D:6      | Learned a level 5 spell: Lightning Bolt
  7998 | D:6      | Noticed a two-headed ogre
  8002 | D:6      | Killed a two-headed ogre
  8411 | D:7      | Reached skill level 5 in Air Magic
  9319 | D:7      | Reached skill level 10 in Conjurations
 10286 | D:8      | Noticed Prince Ribbit
 10518 | D:7      | Killed Prince Ribbit
 10685 | D:8      | Reached XP level 10. HP: 69/69 MP: 4/19
 11014 | D:8      | Noticed Harold
 11021 | D:8      | Killed Harold
 11022 | D:8      | Reached skill level 11 in Conjurations
 11256 | D:8      | Learned a level 4 spell: Iskenderun's Mystic Blast
 11809 | D:9      | Identified a scroll of acquirement
 11809 | D:9      | Acquired a +0 buckler of protection
 12049 | D:9      | Reached skill level 1 in Shields
 12329 | D:9      | Noticed Grum
 12337 | D:9      | Killed Grum
 12338 | D:9      | Reached skill level 5 in Spellcasting
 12943 | D:9      | Found a staircase to the Orcish Mines.
 13088 | D:9      | Reached skill level 12 in Conjurations
 13738 | D:10     | Entered Level 10 of the Dungeon
 14002 | D:10     | Got the Catalogue of Nocuous Transmutation
 14507 | D:10     | Acquired 432 gold pieces
 14930 | D:11     | Noticed a skeletal warrior
 14942 | D:11     | Slain by a skeletal warrior

Illustrated notes

Levels and vault maps discovered:
D:1:      arrival_aquarium_a, layout_basic
D:2:      layout_basic, basic_altar, shapermc_ecumenical_altar_rom_forum,
          minmay_tetromino_s2
D:3:      layout_rooms, nicolae_overflow_crystal_walls, hex_intersection,
          uniq_robin
D:4:      cheibrodos_thug_alley, layout_basic,
          nicolae_ru_great_annihilating_truth, serial_shops,
          kennysheep_mini_moat, shop, nicolae_shop_waterfront,
          gammafunk_ghost_grave
D:5:      layout_rooms, pdpol_wu_jian_five_deadly_venoms,
          gammafunk_temple_overflow_claw, minmay_manual_monstrance, uniq_pikel
D:6:      layout_loops_cross, cheibriados_altar_1,
          minmay_temple_entry_glassed_door
D:7:      layout_layer_cave, mainiacjoe_overflow_alcove_1,
          hangedman_decor_clover_reticule
D:8:      layout_basic, nicolae_hepliaklqana_hippocampus,
          erik_lair_orcish_takeover, uniq_harold, uniq_prince_ribbit1
D:9:      layout_irregular_city, zombieorc1_lemuel,
          amcnicky_mini_corridor_feature, item_on_display_a, uniq_grum
D:10:     layout_long_grid, mainiacjoe_overflow_concentric_impassable
D:11:     layout_rooms, enter_trove_0, gauntlet_entry_generic, uniq_urug

Skill      XL: |  1  2  3  4  5  6  7  8  9 10 |
---------------+-------------------------------+-----
Conjurations   | 4 5 6 8 9 10 12 | 12.2
Necromancy     | 4 5 |  5.0
Hexes          | 4 |  4.0
Spellcasting   | 3 4 5 |  5.7
Air Magic      | 5 |  5.0
Shields        | 4 |  4.0
Dodging        | |  1.7
Stealth        | |  1.7

Action                   |  1- 3 |  4- 6 |  7- 9 | 10-12 || total
-------------------------+-------+-------+-------+-------++-------
Melee: Short sword       |    33 |    50 |       |       ||    83
       Whip              |       |       |    33 |       ||    33
       Staff             |       |       |    36 |    25 ||    61
 Cast: Magic Dart        |   112 |    88 |   106 |    83 ||   389
       Searing Ray       |     1 |    18 |    33 |    17 ||    69
       Lightning Bolt    |       |       |    24 |    65 ||    89
       Fulminant Prism   |       |       |     3 |     7 ||    10
       Sublimation of Bl |       |       |     2 |     1 ||     3
       Iskenderun's Myst |       |       |       |     6 ||     6
Evoke: Wand              |       |     2 |     1 |       ||     3
  Use: Scroll            |     6 |     2 |     2 |    10 ||    20
       Potion            |     2 |     2 |     6 |       ||    10
Armor: Robe              |    13 |    13 |    53 |    45 ||   124
Dodge: Dodged            |    30 |    59 |   163 |    55 ||   307
Block: Buckler           |       |       |       |     7 ||     7

Table legend: (Time is in decaauts)
 A = Elapsed time spent in this place.
 B = Non-inter-level travel time spent in this place.
 C = Inter-level travel time spent in this place.
 D = Time resting spent in this place.
 E = Time spent auto-exploring this place.
 F = Levels seen in this place.
 G = Mean time per level.
                   A        B        C        D        E       F      G
               +--------+--------+--------+--------+--------+-----+--------+
         Total |  14954 |  14498 |    456 |   2280 |  10232 |  11 | 1359.5 |
       Dungeon |  14954 |  14498 |    456 |   2280 |  10232 |  11 | 1359.5 |
               +--------+--------+--------+--------+--------+-----+--------+

Top non-repeatable levels by time:
     D:7: 2106 daAuts
     D:4: 1881 daAuts
     D:8: 1788 daAuts
     D:9: 1643 daAuts
     D:6: 1370 daAuts
     D:3: 1353 daAuts
     D:5: 1260 daAuts
     D:1: 1183 daAuts
     D:2: 1163 daAuts
    D:10: 1130 daAuts
    D:11: 73 daAuts
